 Dungeon Crawl Stone Soup version 0.30-a0-782-ge64f9170bb (webtiles) character file.

Game seed: 13553497861090934673

65 sanka the Shooter (level 3, -2/30 HPs)
             Began as a Demigod Hunter on Mar 16, 2023.
             Killed from afar by Sigmund (12 damage)
             ... with a puff of flame
             ... on level 3 of the Dungeon.
             The game lasted 00:01:57 (1592 turns).

sanka the Shooter (Demigod Hunter)                  Turns: 1592, Time: 00:01:58

Health: -2/30      AC:  3    Str: 12    XL:     3   Next: 66%
Magic:  5/5        EV: 12    Int: 11    God:
Gold:   171        SH:  0    Dex: 21    Spells: 2/2 levels left

rFire   . . .      SeeInvis .    a - +0 shortbow
rCold   . . .      Faith    .    (shield currently unavailable)
rNeg    . . .      Spirit   .    c - +0 leather armour
rPois   .          Reflect  .    (no helmet)
rElec   .          Harm     .    (no cloak)
rCorr   .          Rampage  .    (no gloves)
Will    .....                    (no boots)
Stlth   ++                       (no amulet)
HPRegen 0.25/turn                (no ring)
MPRegen 0.09/turn                (no ring)

@: no status effects
A: high MP 1, forlorn, divine attributes
a: no special abilities


You were on level 3 of the Dungeon.
You visited 1 branch of the dungeon, and saw 3 of its levels.

You collected 171 gold pieces.


Innate Abilities, Weirdness & Mutations

You have an increased reservoir of magic. (+10% MP)
You shall have no god before yourself.
Your divine heritage dramatically boosts your attributes as you level up.


   Skills:
 + Level 2.6 Fighting
 * Level 4.6 Ranged Weapons
 - Level 1.7 Dodging
 - Level 0.8 Stealth


You had 2 spell levels left.
You didn't know any spells.
Your spell library contained the following spells:

 Spells                   Type           Power      Damage    Failure   Level
 Freeze                   Ice            0%         1d3       41%         1
 Frozen Ramparts          Ice            0%         1d1       80%         3
 Hailstorm                Conj/Ice       0%         3d3       80%         3

Inventory:

Hand Weapons
 a - a +0 shortbow (weapon)
Armour
 c - a +0 leather armour (worn)
Jewellery
 o - an amulet of reflection
Scrolls
 b - 2 scrolls of immolation {!r}
 d - 3 scrolls of teleportation {unknown}
 e - a scroll of fear {unknown}
 f - a scroll of vulnerability {unknown}
 h - a scroll of noise {unknown}
 j - a scroll of acquirement {unknown}
 k - a scroll of fog {unknown}
 m - a scroll of enchant armour {unknown}
 n - a scroll of poison {unknown}
 p - a scroll of blinking {unknown}
 q - a scroll of butterflies {unknown}
Potions
 g - a potion of invisibility {unknown}
 i - a potion of flight {unknown}
 l - 3 potions of haste {unknown}

Dungeon Overview and Level Annotations

Branches:
Dungeon (3/15)

Shops:
D:1 *

Annotations:
D:3 Sigmund

▒▒▒▒▒▒▒▒▒▒
▒........▒
▒▒........▒
▒..>......▒ ..▒▒▒
▒.........▒
......▒▒▒▒.........▒
......'p...........+
.....@▒▒▒▒▒........▒
▒.... ▒........▒
▒... ▒▒▒▒▒▒▒.▒▒ ▒..
▒.▒▒▒ ▒. ▒...▒▒ ▒
▒▒▒<.▒ ▒▒.▒▒ ▒..▒▒


You could see Sigmund.


Message History

Sigmund completely misses you.
You shoot an arrow. The arrow hits Sigmund!
Sigmund is heavily wounded.
You shoot an arrow.
The arrow hits Sigmund but does no damage.
Sigmund is heavily wounded.
Sigmund gestures at you while chanting. The puff of flame hits you.
* * * LOW HITPOINT WARNING * * *
Sigmund hits you from afar with a +0 scythe.
* * * LOW HITPOINT WARNING * * *
You shoot an arrow. The arrow hits Sigmund!
Sigmund is severely wounded.
Sigmund barely misses you.
You shoot an arrow. The arrow hits Sigmund.
Sigmund is severely wounded.
You shoot an arrow. The arrow closely misses Sigmund.
Sigmund closely misses you.
You shoot an arrow. The arrow barely misses Sigmund.
Sigmund laughs darkly.
Sigmund gestures at you while chanting. You resist with some effort.
Sigmund casts a spell at you. The puff of flame hits you!
You die...

Action                     || total
---------------------------++-------
   Fire: Shortbow          ||    92
 Armour: Leather armour    ||     9
  Dodge: Dodged            ||    24

Levels and vault maps discovered:
D:1:      erik_arrival_blinker_ship, layout_basic, serial_shops, shop,
          serial_glass, glass_columns_c, glass_columns_a, glass_columns_c,
          glass_columns_c, glass_columns_a
D:2:      minmay_kobold_bridge, layout_loops_corners
D:3:      layout_basic, nrook_mini_backslash, minmay_misc_feat_roman,
          uniq_sigmund, uniq_jessica

Notes
Turn   | Place    | Note
-------+----------+-------------------------------------------
     0 | D:1      | sanka the Demigod Hunter began the quest for the Orb.
     0 | D:1      | Reached XP level 1. HP: 17/17 MP: 3/3
    52 | D:1      | Found Wimentan's Assorted Antiques.
   186 | D:1      | Reached skill level 2 in Fighting
   582 | D:2      | Reached XP level 2. HP: 24/24 MP: 4/4
   586 | D:2      | Reached skill level 4 in Ranged Weapons
  1012 | D:2      | Reached XP level 3. HP: 30/30 MP: 5/5
  1583 | D:3      | Noticed Sigmund
  1592 | D:3      | Killed from afar by Sigmund

Vanquished Creatures
  3 adders
  A worm (D:2)
  A ball python (D:2)
  6 endoplasms
  3 giant cockroaches
  3 goblins
  4 hobgoblins
  A quokka (D:2)
  A bat (D:1)
  2 frilled lizards (D:1)
  5 kobolds
  A rat (D:2)
31 creatures vanquished.
